APL (24 & UNDER)
EL PASO TEXANS @ BEAVERTON BRONZE SOULS
09/03/2026
 
TOP OF THE 1ST
Dunedin Blue Jays batting - Pitching for Beaverton Bronze Souls : RHP Terry Norris
Pitching: RHP Terry Norris
Batting: LHB Guy Moss 0-0: Fly out, F7 (Flyball, 7M)
Batting: SHB Richard Griffin 0-0: Called Strike
0-1: SINGLE (Flyball, 7S)
Batting: RHB Keith Ivey 0-0: Ball
Richard Griffin steals 2nd base
1-0: Fly out, F3 (Popup, 3S)
Batting: RHB Gilberto Tovar 0-0: Foul Ball, location: 2F
0-1: Fly out, F2 (Popup, 2RF)
Top of the 1st over - 0 run(s), 1 hit(s), 0 error(s), 1 left on base; Dunedin 0 - Beaverton 0
BOTTOM OF THE 1ST
Beaverton Bronze Souls batting - Pitching for Dunedin Blue Jays : RHP Carlos Díaz
Pitching: RHP Carlos Díaz
Batting: RHB Juan Becerra 0-0: Ball
1-0: Ball
2-0: Called Strike
2-1: Foul Ball, location: 2F
2-2: Fly out, F8 (Line Drive, 8LM)
Batting: LHB Richard Méndez 0-0: Ball
1-0: Called Strike
1-1: Fly out, F7 (Popup, 6MD)
Batting: RHB Carlos Carrillo 0-0: Called Strike
0-1: Foul Ball, location: 2F
0-2: Strikes out swinging
Bottom of the 1st over - 0 run(s), 0 hit(s), 0 error(s), 0 left on base; Dunedin 0 - Beaverton 0
TOP OF THE 2ND
Dunedin Blue Jays batting - Pitching for Beaverton Bronze Souls : RHP Terry Norris
Batting: RHB David Castillo 0-0: Foul Ball, location: 2F
0-1: Ball
1-1: Ball
2-1: Foul Ball, location: 2F
2-2: Ball
3-2: Foul Ball, location: 2F
3-2: Foul Ball, location: 2F
3-2: Base on Balls
Batting: LHB Roberto Félix 0-0: Ball
1-0: Swinging Strike
1-1: Foul Ball, location: 2F
1-2: Ball
2-2: SINGLE (Groundball, 34D)
David Castillo to second
Runner from 2nd tries for 3rd, SAFE, throw made to third
Batting: RHB Fernando Bórquez 0-0: Ball
1-0: SINGLE (Groundball, 56)
David Castillo scores
Roberto Félix to second
Batting: RHB José Murillo 0-0: Called Strike
0-1: Fly out, F7 (Flyball, 78S)
Batting: RHB Rafael Carreón 0-0: Called Strike
0-1: Foul Ball, location: 2F
0-2: Ball
1-2: Foul Ball, location: 2F
1-2: SINGLE (Groundball, 6MD)
Roberto Félix to third
Fernando Bórquez to second
Runner from 3rd tries for Home, SAFE, no throw or cutoff
Batting: LHB Guy Moss 0-0: Ball
Fernando Bórquez steals 3rd base
Rafael Carreón to second
1-0: Foul Ball, location: 2F
1-1: SINGLE (Line Drive, 78S)
Fernando Bórquez scores
Rafael Carreón to third
Batting: SHB Richard Griffin 0-0: Swinging Strike
0-1: Ball
1-1: Ball
2-1: Swinging Strike
2-2: DOUBLE (Flyball, 8RM)
Rafael Carreón scores
Guy Moss to third
Batting: RHB Keith Ivey 0-0: Ball
Wild Pitch!
Guy Moss scores
Richard Griffin to third
1-0: SINGLE (Groundball, 34D)
Richard Griffin scores
Batting: RHB Gilberto Tovar 0-0: Called Strike
0-1: Called Strike
0-2: Ball
1-2: DOUBLE (Line Drive, 7M)
Keith Ivey to third
Pinch Runner at 2nd Jaime García:
Batting: RHB David Castillo 0-0: SINGLE (Groundball, 56D)
Keith Ivey scores
Jaime García to third
Runner from 3rd tries for Home, SAFE, no throw or cutoff
Batting: LHB Roberto Félix 0-0: Called Strike
0-1: Foul Ball, location: 2F
0-2: Foul Ball, location: 2F
0-2: Ball
1-2: Strikes out swinging
Batting: RHB Fernando Bórquez 0-0: Ground out 4-3 (Groundball, 4)
Top of the 2nd over - 8 run(s), 8 hit(s), 0 error(s), 1 left on base; Dunedin 8 - Beaverton 0
BOTTOM OF THE 2ND
Beaverton Bronze Souls batting - Pitching for Dunedin Blue Jays : RHP Carlos Díaz
Now at SS: Jaime García
Batting: LHB Miguel Barrón 0-0: Called Strike
0-1: Ball
1-1: Ball
2-1: Ball
3-1: Called Strike
3-2: Strikes out swinging
Batting: RHB Brian Dixon 0-0: Ball
1-0: Ball
2-0: Called Strike
2-1: Foul Ball, location: 2F
2-2: Fly out, F8 (Flyball, 78M)
Batting: LHB Cristóbal Gómez 0-0: Ball
1-0: Ball
2-0: Ball
3-0: Base on Balls
Batting: SHB Dawson Fowler 0-0: Ball
1-0: Ball
2-0: Foul Ball, location: 2F
2-1: Foul Ball, location: 2F
2-2: Strikes out swinging
Bottom of the 2nd over - 0 run(s), 0 hit(s), 0 error(s), 1 left on base; Dunedin 8 - Beaverton 0
TOP OF THE 3RD
Dunedin Blue Jays batting - Pitching for Beaverton Bronze Souls : RHP Terry Norris
Batting: RHB José Murillo 0-0: Called Strike
0-1: Ball
1-1: Ball
2-1: Swinging Strike
2-2: Strikes out swinging
Batting: RHB Rafael Carreón 0-0: Reached on error, E6 (Groundball, 6)
Batting: LHB Guy Moss 0-0: Foul Ball, location: 2F
0-1: Called Strike
0-2: Ball
1-2: Ground out 5-3 (Groundball, 5D)
Batting: SHB Richard Griffin 0-0: SINGLE (Line Drive, 8RS)
Rafael Carreón to third
Runner from 3rd tries for Home, SAFE, no throw or cutoff
Pitching: RHP Roberto Deleón
Batting: RHB Keith Ivey 0-0: Ball
1-0: Ball
2-0: Called Strike
2-1: Ground out 4-3 (Groundball, 4)
Top of the 3rd over - 1 run(s), 1 hit(s), 1 error(s), 1 left on base; Dunedin 9 - Beaverton 0
BOTTOM OF THE 3RD
Beaverton Bronze Souls batting - Pitching for Dunedin Blue Jays : RHP Carlos Díaz
Batting: RHB Elpidio Martinho 0-0: Ball
1-0: Called Strike
1-1: Ball
2-1: Ball
3-1: Base on Balls
Batting: RHB David Kerr 0-0: Foul Ball, location: 2F
0-1: Called Strike
0-2: Ball
1-2: Ball
2-2: SINGLE (Line Drive, 9LS)
Elpidio Martinho to second
Batting: RHB Juan Becerra 0-0: Ball
1-0: Ball
2-0: Ball
3-0: Base on Balls
Elpidio Martinho to third
David Kerr to second
Batting: LHB Richard Méndez 0-0: Called Strike
0-1: Ball
1-1: Swinging Strike
1-2: Ball
2-2: Fly out, F7 (Line Drive, 7S)
Runner from 3rd tags up, SCORES, throw made
Batting: RHB Carlos Carrillo 0-0: Called Strike
0-1: Ball
1-1: Ball
2-1: Swinging Strike
2-2: Strikes out swinging
Batting: LHB Miguel Barrón 0-0: Fly out, F7 (Flyball, 7LS)
Bottom of the 3rd over - 1 run(s), 1 hit(s), 0 error(s), 2 left on base; Dunedin 9 - Beaverton 1
TOP OF THE 4TH
Dunedin Blue Jays batting - Pitching for Beaverton Bronze Souls : RHP Roberto Deleón
Batting: RHB Jaime García 0-0: Called Strike
0-1: Ball
1-1: Foul Ball, location: 2F
1-2: Ball
2-2: Strikes out swinging
Batting: RHB David Castillo 0-0: Foul Ball, location: 2F
0-1: Foul Ball, location: 2F
0-2: Ball
1-2: Strikes out swinging
Batting: LHB Roberto Félix 0-0: Called Strike
0-1: Foul Ball, location: 2F
0-2: Ball
1-2: Ball
2-2: Ball
3-2: Strikes out swinging
Top of the 4th over - 0 run(s), 0 hit(s), 0 error(s), 0 left on base; Dunedin 9 - Beaverton 1
BOTTOM OF THE 4TH
Beaverton Bronze Souls batting - Pitching for Dunedin Blue Jays : RHP Carlos Díaz
Batting: RHB Brian Dixon 0-0: Called Strike
0-1: Called Strike
0-2: Ball
1-2: Foul Ball, location: 2F
1-2: Strikes out swinging
Batting: LHB Cristóbal Gómez 0-0: Foul Ball, location: 2F
0-1: Foul Ball, location: 2F
0-2: Ground out 4-3 (Groundball, 4)
Batting: SHB Dawson Fowler 0-0: Called Strike
0-1: Ball
1-1: Ball
2-1: Ball
3-1: Base on Balls
Batting: RHB Elpidio Martinho 0-0: Ball
1-0: Ball
2-0: Called Strike
2-1: Foul Ball, location: 2F
2-2: Ball
3-2: Base on Balls
Dawson Fowler to second
Batting: RHB David Kerr 0-0: Ball
1-0: Called Strike
1-1: Swinging Strike
1-2: Strikes out looking
Bottom of the 4th over - 0 run(s), 0 hit(s), 0 error(s), 2 left on base; Dunedin 9 - Beaverton 1
TOP OF THE 5TH
Dunedin Blue Jays batting - Pitching for Beaverton Bronze Souls : RHP Roberto Deleón
Batting: RHB Fernando Bórquez 0-0: Ball
1-0: Foul Ball, location: 2F
1-1: Ball
2-1: Foul Ball, location: 2F
2-2: Ball
3-2: Ground out 6-3 (Groundball, 6M)
Batting: RHB José Murillo 0-0: Ball
1-0: Called Strike
1-1: Ball
2-1: SINGLE (Groundball, 6MD)
Batting: RHB Rafael Carreón 0-0: Ball
José Murillo steals 2nd base
1-0: Called Strike
1-1: Ball
2-1: Foul Ball, location: 2F
2-2: Foul Ball, location: 2F
2-2: Foul Ball, location: 2F
2-2: Hit by Pitch
Batting: LHB Guy Moss 0-0: Foul Ball, location: 2F
0-1: Ball
1-1: Foul Ball, location: 2F
1-2: Ball
2-2: Ball
Single, Error in OF, E9, batter to second base
José Murillo scores
Rafael Carreón to third
Batting: SHB Richard Griffin 0-0: Ball
1-0: Ball
2-0: Called Strike
2-1: Swinging Strike
2-2: Strikes out swinging
Batting: RHB Keith Ivey 0-0: Fly out, F8 (Flyball, 8LM)
Top of the 5th over - 1 run(s), 2 hit(s), 1 error(s), 2 left on base; Dunedin 10 - Beaverton 1
BOTTOM OF THE 5TH
Beaverton Bronze Souls batting - Pitching for Dunedin Blue Jays : RHP Carlos Díaz
Batting: RHB Juan Becerra 0-0: Fly out, F8 (Flyball, 8LM)
Batting: LHB Richard Méndez 0-0: Foul Ball, location: 2F
0-1: Foul Ball, location: 2F
0-2: Ball
1-2: SINGLE (Line Drive, 78M)
Batting: RHB Carlos Carrillo 0-0: Called Strike
0-1: Ball
1-1: Called Strike
1-2: Ball
2-2: Foul Ball, location: 2F
2-2: Fly out, F9 (Flyball, 9LM)
Batting: LHB Miguel Barrón 0-0: Ball
1-0: Ball
2-0: Fly out, F9 (Flyball, 9S)
Bottom of the 5th over - 0 run(s), 1 hit(s), 0 error(s), 1 left on base; Dunedin 10 - Beaverton 1
TOP OF THE 6TH
Dunedin Blue Jays batting - Pitching for Beaverton Bronze Souls : RHP Roberto Deleón
Batting: RHB Jaime García 0-0: Called Strike
0-1: Ball
1-1: Foul Ball, location: 2F
1-2: Ball
2-2: Ball
3-2: Strikes out swinging
Batting: RHB David Castillo 0-0: Ball
1-0: Ball
2-0: Ball
3-0: Base on Balls
Batting: LHB Roberto Félix 0-0: Ball
1-0: Swinging Strike
1-1: SINGLE (Flyball, 89S)
David Castillo to second
Batting: RHB Fernando Bórquez 0-0: Swinging Strike
0-1: Foul Ball, location: 2F
0-2: Foul Ball, location: 2F
0-2: Strikes out swinging
Batting: RHB José Murillo 0-0: Foul Ball, location: 2F
0-1: Ground out 6-3 (Groundball, 6)
Top of the 6th over - 0 run(s), 1 hit(s), 0 error(s), 2 left on base; Dunedin 10 - Beaverton 1
BOTTOM OF THE 6TH
Beaverton Bronze Souls batting - Pitching for Dunedin Blue Jays : RHP Carlos Díaz
Batting: RHB Brian Dixon 0-0: Swinging Strike
0-1: Ball
1-1: Called Strike
1-2: SINGLE (Flyball, 6MD)
Batting: LHB Cristóbal Gómez 0-0: Foul Ball, location: 2F
0-1: Foul Ball, location: 2F
0-2: Foul Ball, location: 2F
0-2: Fly out, F8 (Popup, 8RS)
Batting: SHB Dawson Fowler 0-0: Ball
1-0: Swinging Strike
1-1: Called Strike
1-2: Ball
2-2: 2-RUN HOME RUN (Line Drive, 9LD), Distance : 360 ft
Batting: RHB Elpidio Martinho 0-0: Foul Ball, location: 2F
0-1: Ball
1-1: Ball
2-1: Fly out, F8 (Flyball, 8RM)
Batting: RHB David Kerr 0-0: Ball
1-0: Called Strike
1-1: Foul Ball, location: 2F
1-2: Ground out 1-3 (Groundball, 25)
Bottom of the 6th over - 2 run(s), 2 hit(s), 0 error(s), 0 left on base; Dunedin 10 - Beaverton 3
TOP OF THE 7TH
Dunedin Blue Jays batting - Pitching for Beaverton Bronze Souls : RHP Roberto Deleón
Pitching: LHP Luis Carbajal
Batting: RHB Rafael Carreón 0-0: Called Strike
0-1: Ball
1-1: Ball
2-1: Called Strike
2-2: Strikes out looking
Batting: LHB Guy Moss 0-0: Ball
1-0: Ground out 5-3 (Groundball, 56)
Batting: SHB Richard Griffin 0-0: Called Strike
0-1: Ball
1-1: Ball
2-1: Foul Ball, location: 2F
2-2: Strikes out looking
Top of the 7th over - 0 run(s), 0 hit(s), 0 error(s), 0 left on base; Dunedin 10 - Beaverton 3
BOTTOM OF THE 7TH
Beaverton Bronze Souls batting - Pitching for Dunedin Blue Jays : RHP Carlos Díaz
Batting: RHB Juan Becerra 0-0: Swinging Strike
0-1: Foul Ball, location: 2F
0-2: Ground out 6-3 (Groundball, 6M)
Batting: LHB Richard Méndez 0-0: Foul Ball, location: 2F
0-1: Ground out 4-3 (Groundball, 4)
Batting: RHB Carlos Carrillo 0-0: Swinging Strike
0-1: Ball
1-1: Called Strike
1-2: Foul Ball, location: 2F
1-2: Ball
2-2: Ball
3-2: Strikes out swinging
Bottom of the 7th over - 0 run(s), 0 hit(s), 0 error(s), 0 left on base; Dunedin 10 - Beaverton 3
TOP OF THE 8TH
Dunedin Blue Jays batting - Pitching for Beaverton Bronze Souls : LHP Luis Carbajal
Batting: RHB Keith Ivey 0-0: Called Strike
0-1: Ball
1-1: Foul Ball, location: 2F
1-2: Strikes out looking
Batting: RHB Jaime García 0-0: Called Strike
0-1: Called Strike
0-2: Ball
1-2: Strikes out swinging
Batting: RHB David Castillo 0-0: Ball
1-0: Called Strike
1-1: Ball
2-1: Ball
3-1: Base on Balls
Batting: LHB Roberto Félix 0-0: Ball
1-0: Called Strike
1-1: Called Strike
1-2: Ball
2-2: Strikes out swinging
Top of the 8th over - 0 run(s), 0 hit(s), 0 error(s), 1 left on base; Dunedin 10 - Beaverton 3
BOTTOM OF THE 8TH
Beaverton Bronze Souls batting - Pitching for Dunedin Blue Jays : RHP Carlos Díaz
Batting: LHB Miguel Barrón 0-0: Called Strike
0-1: Ball
1-1: Swinging Strike
1-2: Strikes out looking
Batting: RHB Brian Dixon 0-0: Ball
1-0: Foul Ball, location: 2F
1-1: Fly out, F9 (Flyball, 9LM)
Batting: LHB Cristóbal Gómez 0-0: Ball
1-0: Swinging Strike
1-1: Ball
2-1: Foul Ball, location: 2F
2-2: Ball
3-2: Base on Balls
Batting: SHB Dawson Fowler 0-0: SINGLE (Flyball, 8RS)
Cristóbal Gómez to second
Runner from 2nd tries for 3rd, SAFE, no throw or cutoff
Batting: RHB Elpidio Martinho 0-0: Swinging Strike
0-1: Called Strike
0-2: SINGLE (Line Drive, 8LS)
Cristóbal Gómez scores
Dawson Fowler to second
Runner from 2nd tries for 3rd, SAFE, throw made to third
Elpidio Martinho to second
Pitching: LHP Artie Hernández
Batting: RHB David Kerr 0-0: Foul Ball, location: 2F
0-1: Fly out, F6 (Popup, 6M)
Bottom of the 8th over - 1 run(s), 2 hit(s), 0 error(s), 2 left on base; Dunedin 10 - Beaverton 4
TOP OF THE 9TH
Dunedin Blue Jays batting - Pitching for Beaverton Bronze Souls : LHP Luis Carbajal
Batting: RHB Fernando Bórquez 0-0: Ball
1-0: Ball
2-0: Foul Ball, location: 2F
2-1: Ball
3-1: Base on Balls
Batting: RHB José Murillo 0-0: Foul Ball, location: 2F
0-1: Ball
1-1: Sac Bunt - play at second, runner OUT! 1-6
Batting: RHB Rafael Carreón 0-0: Ball
1-0: Ball
2-0: Foul Ball, location: 2F
2-1: Foul Ball, location: 2F
2-2: Foul Ball, location: 2F
2-2: Foul Ball, location: 2F
2-2: Ball
Wild Pitch!
José Murillo to second
3-2: Foul Ball, location: 2F
3-2: Base on Balls
Pitching: RHP Ben Hepworth
Batting: LHB Guy Moss 0-0: Foul Ball, location: 2F
0-1: Ball
1-1: Fielders Choice at 2nd, 6-4 (Groundball, 6)
José Murillo to third
Batting: SHB Richard Griffin 0-0: Ball
1-0: Ball
2-0: Ball
3-0: Called Strike
3-1: Foul Ball, location: 2F
3-2: Ground out 3-1 (Groundball, 34S)
Top of the 9th over - 0 run(s), 0 hit(s), 0 error(s), 2 left on base; Dunedin 10 - Beaverton 4
BOTTOM OF THE 9TH
Beaverton Bronze Souls batting - Pitching for Dunedin Blue Jays : LHP Artie Hernández
Batting: RHB Juan Becerra 0-0: Foul Ball, location: 2F
0-1: Foul Ball, location: 2F
0-2: Ball
1-2: Ball
2-2: Ball
3-2: Foul Ball, location: 2F
3-2: Fly out, F4 (Popup, 4MD)
Batting: LHB Richard Méndez 0-0: Ball
1-0: Ball
2-0: Ball
3-0: Base on Balls
Batting: RHB Carlos Carrillo 0-0: Called Strike
0-1: Ball
1-1: Ball
2-1: Ball
3-1: Foul Ball, location: 2F
3-2: Fly out, F7 (Flyball, 7M)
3-2: Fly out, F7 (Flyball, 7M)
Batting: LHB Miguel Barrón 0-0: Ball
1-0: Ball
2-0: Called Strike
2-1: Ball
3-1: DOUBLE (Line Drive, 9LS)
Richard Méndez to third
Runner from 3rd tries for Home, throw and OUT!
Bottom of the 9th over - 0 run(s), 1 hit(s), 0 error(s), 1 left on base; Dunedin 10 - Beaverton 4
Monday, December 5th, 2016 - OOTP Baseball 17.12 Build 75